 Dungeon Crawl Stone Soup version 0.20.1-1-g8b1a95d (console) character file.

308 hilaritas the Magician (level 6, 0/32 HPs)
             Began as a Deep Elf Ice Elementalist on Aug 26, 2017.
             Slain by a centaur skeleton (5 damage)
             ... on level 4 of the Dungeon.
             The game lasted 00:08:04 (3509 turns).

hilaritas the Magician (Deep Elf Ice Elementalist)  Turns: 3509, Time: 00:08:04

Health: 0/32       AC:  9    Str:  3 (6)  XL:     6   Next: 16%
Magic:  0/15       EV: 18    Int: 18 (21) God:
Gold:   111        SH:  0    Dex: 19 (20) Spells: 7/17 levels left

rFire    . . .     SeeInvis .   f - -1 short sword
rCold    . . .     Gourm    .   (no shield)
rNeg     . . .     Faith    .   a - +0 robe
rPois    .         Spirit   .   (no helmet)
rElec    +         Reflect  .   (no cloak)
rCorr    .         Harm     .   (no gloves)
MR       .....                  j - +0 pair of boots
Stlth    +++.......             (no amulet)
Regen    0.1/turn               (no ring)
MPRegen  0.2/turn               (no ring)

@: agile, icy armour, hasted, very quick
A: low mp 1, electricity resistance
a: no special abilities


You were on level 4 of the Dungeon.
You were not hungry.

You visited 1 branch of the dungeon, and saw 4 of its levels.

You collected 111 gold pieces.

Inventory:

Hand Weapons
 f - a -1 short sword (weapon)
Missiles
 m - 92 stones (quivered)
 q - 30 arrows
Armour
 a - a +0 robe (worn)
 j - a +0 pair of boots (worn)
Jewellery
 r - an uncursed ring of positive energy {unknown}
Wands
 d - a wand of acid (8/15)
 p - a wand of flame (26/48)
Scrolls
 n - 2 scrolls of identify
 s - 2 scrolls of remove curse
 v - a scroll of recharging {unknown}
 w - a scroll of magic mapping {unknown}
Potions
 g - a potion of degeneration
 h - a potion of agility
 o - a potion of invisibility {unknown}
 t - a potion of heal wounds {unknown}
Books
 b - a book of Frost

   Spells                             Type                      Level
   a - Freeze                         Ice                          1
   b - Throw Frost                    Conjuration/Ice              2
   c - Ozocubu's Armour               Charms/Ice                   3
   d - Throw Icicle                   Conjuration/Ice              4
   e - Summon Ice Beast               Ice/Summoning                4
Comestibles
 c - a bread ration
 l - 2 royal jellies


   Skills:
 - Level 2.4 Dodging
 - Level 2.4 Stealth
 - Level 6.0 Spellcasting
 * Level 2.4 Conjurations
 - Level 2.0 Charms
 + Level 5.4 Ice Magic


You had 7 spell levels left.
You knew the following spells:

 Your Spells              Type           Power        Failure   Level  Hunger
a - Freeze                Ice            ####         1%          1    None
b - Throw Frost           Conj/Ice       ###...       3%          2    None
c - Ozocubu's Armour      Chrm/Ice       ###.....     8%          3    ##.....
d - Throw Icicle          Conj/Ice       ###.....     24%         4    ####...


Dungeon Overview and Level Annotations

Branches:
Dungeon (4/15)
 Temple: D:4-7

Altars:
Cheibriados
Dithmenos
Fedhas


Innate Abilities, Weirdness & Mutations

Your magical capacity is low. (-10% MP)
You are resistant to electric shocks. (rElec)


Message History

The centaur skeleton misses you.
You hit the centaur skeleton but do no damage.
The centaur skeleton is heavily damaged.
The centaur skeleton hits you.
You hit the centaur skeleton.
The centaur skeleton is heavily damaged.
The centaur skeleton completely misses you.
Casting: Freeze
Confirm with . or Enter, or press ? or * to list all spells.
Aiming: Freeze
Press: ? - help, Shift-Dir - straight line, f/p - centaur skeleton
Aim: a centaur skeleton (heavily damaged)
You freeze the centaur skeleton.
The centaur skeleton resists.
The centaur skeleton is heavily damaged.
The centaur skeleton hits you!
* * * LOW HITPOINT WARNING * * *
It was a potion of mutation.
You feel extremely strange.
You feel less energetic.
You feel insulated. The centaur skeleton hits you.
You die...

.......<...# .Z...#.##.#
#####........#####
#......†.........# ###
......#<###...... ..#
#...##..#.#. #.# #
#...#..))...#. #.# .#
###...##Z...#.###.####$##
##.###@.........o.oh...
#. ##.#.#.###.##o#.#. #.
#.#...###h##.#.## #.
#.#...<.owoS....# ..
#.........so.#..# ##
###.##########oo. # s. ..
.


You could see a centaur skeleton.

Vanquished Creatures
  A scorpion (D:4)
  A hound (D:4)
  3 orc wizards
  Natasha (D:2)
  4 adders
  2 oozes
  2 worms (D:3)
  3 dart slugs
  8 orcs
  3 giant cockroaches
  7 goblins
  6 hobgoblins
  A quokka (D:3)
  7 bats
  4 frilled lizards (D:3)
  8 kobolds
  9 rats
70 creatures vanquished.

Notes
Turn   | Place    | Note
-------+----------+-------------------------------------------
     0 | D:1      | hilaritas the Deep Elf Ice Elementalist began the quest for the Orb.
     0 | D:1      | Reached XP level 1. HP: 10/10 MP: 6/6
   255 | D:1      | Reached XP level 2. HP: 15/15 MP: 5/8
   262 | D:1      | Learned a level 2 spell: Throw Frost
   387 | D:1      | You fall through a shaft!
   392 | D:2      | Noticed Natasha
   399 | D:2      | Killed Natasha
   399 | D:2      | Reached XP level 3. HP: 10/19 MP: 3/9
   550 | D:2      | Learned a level 3 spell: Ozocubu's Armour
   643 | D:2      | Found a shadowy altar of Dithmenos.
  1460 | D:2      | Reached skill level 5 in Ice Magic
  1460 | D:2      | Reached XP level 4. HP: 21/24 MP: 7/10
  2048 | D:3      | Learned a level 4 spell: Throw Icicle
  2155 | D:3      | Reached skill level 4 in Spellcasting
  2531 | D:3      | Found a snail-covered altar of Cheibriados.
  2555 | D:3      | Found a blossoming altar of Fedhas.
  3183 | D:3      | Reached skill level 5 in Spellcasting
  3183 | D:3      | Reached XP level 5. HP: 16/28 MP: 2/14
  3400 | D:4      | Reached skill level 6 in Spellcasting
  3412 | D:4      | Reached XP level 6. HP: 19/32 MP: 3/17
  3509 | D:4      | Gained mutation: Your magical capacity is low. (-10% MP) [potion of mutation]
  3509 | D:4      | Gained mutation: You are resistant to electric shocks. (rElec) [potion of mutation]
  3509 | D:4      | Slain by a centaur skeleton

Skill      XL: |  1  2  3  4  5 |
---------------+----------------+-----
Ice Magic      | 4 5 |  5.4
Conjurations   | 2 |  2.4
Spellcasting   | 5 6 |  6.0
Charms         | 2 |  2.0
Dodging        | |  2.4
Stealth        | |  2.4

Action                   |  1- 3 |  4- 6 || total
-------------------------+-------+-------++-------
Melee: Short sword       |     3 |    13 ||    16
 Cast: Freeze            |    44 |    79 ||   123
       Ozocubu's Armour  |       |     5 ||     5
  Use: Scroll            |     4 |       ||     4
       Potion            |       |     7 ||     7
  Eat: Chunk             |     1 |     7 ||     8
Armor: Robe              |     6 |    22 ||    28
Dodge: Dodged            |    29 |    52 ||    81
